AoeStats
← MP

Coastal Forest

510361700Analyzed
2v2 RM · 6h ago on Sep 30, 2026· 55m 25s· 4 players
Game mode
Random Map
Map size
Medium (4 player)
Population
200
Speed
Normal
Resources
Standard
Victory
Conquest
Starting age
Dark Age
Ending age
Imperial Age
RankedLock teamsTeams togetherTeam positionsShared explorationLock speedFull tech treeHidden civsTurbo modeCheats
Victory
Defeat
🇩🇪 Wei · Germany
1018
+13
🇩🇪 Vietnamese · Germany
1017
+13
🇧🇷 Turks · Brazil
969
-14
🇨🇱 Chinese · Chile
926
-12
MP
11:51 Feudal Age
17:19 Castle Age
16:21 Wheelbarrow
15:34 Double-Bit Axe
16:22 Stone Mining
18:31 Bow Saw
18:04 Horse Collar
28:45 Hand Cart
33:55 Imperial Age
34:36 Artillery
36:28 Elite Janissary
38:33 Two-Man Saw
39:32 Gold Mining
Mitik0
0:25 Loom
12:55 Feudal Age
13:36 Horse Collar
13:45 Double-Bit Axe
17:20 Gold Mining
20:37 Castle Age
19:52 Stone Mining
22:00 Bow Saw
25:09 Fletching
26:02 Fishing Lines
27:17 Wheelbarrow
26:27 Town Watch
31:02 Bodkin Arrow
32:47 Hand Cart
32:33 Town Patrol
33:39 Ballistics
33:31 Padded Archer Armor
34:55 Forging
34:45 Scale Mail Armor
34:51 Scale Barding Armor
35:02 Leather Archer Armor
35:02 Masonry
34:48 Murder Holes
34:33 Elite Skirmisher
35:24 Thumb Ring
39:05 Imperial Age
39:19 Elite Fire Lancer
40:36 Iron Casting
40:17 Chain Mail Armor
40:03 Bracer
40:33 Ring Archer Armor
42:49 Blast Furnace
41:52 Squires
42:44 Arson
44:25 Chemistry
43:50 Conscription
44:11 Ring Archer Armor
Evoli on fire!
10:05 Loom
11:50 Feudal Age
13:35 Double-Bit Axe
16:09 Horse Collar
19:26 Castle Age
19:21 Stone Mining
19:23 Gold Mining
20:38 Bloodlines
20:30 Husbandry
22:42 Bow Saw
23:46 Scale Barding Armor
27:02 Forging
29:25 Heavy Plow
30:06 Gold Shaft Mining
31:48 Wheelbarrow
33:00 Chain Barding Armor
33:17 Iron Casting
34:36 Hand Cart
37:25 Imperial Age
35:33 Fletching
36:14 Bodkin Arrow
36:19 Padded Archer Armor
37:17 Tuntian
38:14 Bracer
38:29 Leather Archer Armor
39:16 Blast Furnace
38:19 Bracer
38:35 Leather Archer Armor
40:55 Ming Guang Armor
39:53 Elite Tiger Cavalry
42:25 Chemistry
41:43 Town Watch
43:41 Thumb Ring
44:27 Crop Rotation
44:27 Heavy Hei Guang Cavalry
45:17 Scale Mail Armor
45:47 Ring Archer Armor
45:17 Capped Ram
46:27 Elite Skirmisher
47:49 Onager
48:57 Elite Skirmisher
55:11 Conscription
ThaiMing | Timing
8:24 Loom
10:40 Feudal Age
11:14 Double-Bit Axe
14:40 Town Watch
20:28 Castle Age
18:25 Gold Mining
18:18 Horse Collar
18:51 Stone Mining
19:18 Fletching
20:44 Crossbowman
22:17 Wheelbarrow
21:57 Bodkin Arrow
22:04 Padded Archer Armor
22:23 Bow Saw
23:58 Leather Archer Armor
23:50 Elite Skirmisher
24:57 Squires
26:27 Ballistics
26:58 Thumb Ring
34:53 Imperial Age
32:42 Hand Cart
35:40 Bracer
36:11 Ring Archer Armor
35:16 Arbalester
35:23 Imperial Skirmisher
37:21 Hoardings
38:03 Paper Money
39:15 Chemistry
41:22 Treadmill Crane
41:37 Murder Holes
41:51 Siege Engineers
41:10 Onager
50:02 Elite Rattan Archer
55:25 Scale Mail Armor
54:51 Pikeman
Connection lost

Rejoining the realm…

Still unreachable

The connection could not be restored.

Session expired

The server has moved on; the page needs a fresh start.